Unix NetHack Version 5.0.0-0 post-release - last build Jul 19 2026 19:10:59 (3aa4ab31751d3886436d94b585a96704892fd477,branch:main).

Game began 2026-07-22 11:00:35, ended 2026-07-22 16:33:12.

A4Paper, chaotic female elven Wizard

                                 -----------
                                 |.........|
                              ###-..f......|
                              #  |.._......|
                              #  |..@......|     --------------
                            #####-.........|    #-............|
                           ##    -.---|-----    #|...(........|
  ------                   ##     #   #        ##|.....[.)....|
  |.....##  #####         ###     #            # |............-####
  |....|    #-------      # #     #        ##### --------------   ######------
  |.....####0|.....| ######[#     ###      #                           #|....|
  |....|     |....r.##              #      #                           #|..!.|
  |.>...#    |.....|                ##    ##                           #-.=).|
  |....|#####|.....|             ----.--- #                             ------
  ------    #.......######       |......|##
             |.....|             |...(..|#
             -------             |...<..|#
                                 |.^.....#
                                 --------

A4Paper the Conjurer      St:8 Dx:15 Co:13 In:18 Wi:11 Ch:11  Chaotic S:1666
Dlvl:2  $:1068 HP:19(26) Pw:22(29) AC:7  Xp:4/137 T:2191  Fainting Deaf

Latest messages:
 The garter snake bites!
 The garter snake bites!
 The garter snake bites!
 The garter snake bites!
 The garter snake bites!
 You regain consciousness.
 You are too hungry to cast that spell.
 You faint from lack of food.
 The garter snake bites!
 The garter snake bites!
 The garter snake bites!
 You dream that you see the garter snake slither under a chest.
 The garter snake bites!
 The garter snake bites!
 The garter snake bites!
 You regain consciousness.
 You hit the garter snake!
 You miss the garter snake.
 The garter snake bites!
 You miss the garter snake.
 You kill the garter snake!
 You see here a garter snake corpse.
 There is a garter snake corpse here; eat it? [ynq] (n)
 This garter snake corpse is gamey.
 The hobbit picks up a crossbow.
 You are still weak.
 You finish eating the garter snake corpse.
 The hobbit throws an elven dagger!
 You are hit by an elven dagger.
 In what direction?
 The spell hits the hobbit!
 You kill the hobbit!
 A garter snake was hidden under an unlocked chest!
 The garter snake bites!
 You kill the garter snake!
 You see here an unlocked chest.
 Bluey steps reluctantly onto an iron skull cap.
 You see here an unlocked chest.
 You faint from lack of food.
 You regain consciousness.
 You can hear again.
 You begin praying to Anhur.
 You finish your prayer.
 You feel that Anhur is displeased.
 You stop searching.
 You faint from lack of food.
 You regain consciousness.
 #
 Really quit without saving? [yn] (n)
 Do you want your possessions identified? [ynq] (y)

Inventory:
 Coins    ('$')
  $ - 1068 gold pieces
 Weapons  (')')
  a - a blessed +1 quarterstaff (weapon in hands)
 Armor    ('[')
  b - an uncursed +2 cloak of magic resistance (being worn)
 Scrolls  ('?')
  j - a blessed scroll of charging
  k - an uncursed scroll of confuse monster
  p - an uncursed scroll of enchant armor
  r - a blessed scroll of light
 Spellbooks  ('+')
  t - an uncursed spellbook of charm monster
  l - a blessed spellbook of force bolt
  m - an uncursed spellbook of healing
 Potions  ('!')
  g - an uncursed potion of blindness
  q - a blessed potion of fruit juice
  f - 3 uncursed potions of healing
  h - an uncursed potion of paralysis
 Rings    ('=')
  e - an uncursed ring of searching (on right hand)
 Wands    ('/')
  c - a wand of speed monster (0:6)
 Tools    ('(')
  o - an uncursed bell
  n - a magic marker (0:22)
  w - an uncursed skeleton key
  i - an uncursed towel

A4Paper the Wizard's attributes:

Background:
 You were a Conjurer, a level 4 female elven Wizard.
 You were chaotic, on a mission for Anhur
 who was opposed by Ptah (lawful) and Thoth (neutral).
 You were right-handed.
 You were in the Dungeons of Doom, on level 2.
 You entered the dungeon 2191 turns ago.
 You had 137 experience points, 23 more were needed to attain level 5.
 Your score was 1666 before end-of-game adjustments.

Basics:
 You had 19 out of 26 hit points.
 You had 22 out of 29 energy points (spell power).
 Your armor class was 7.
 Your wallet contained 1068 zorkmids.
 Autopickup was off.

Final Characteristics:
 Your strength was 8 (base:9, limit:18).
 Your dexterity was 15 (limit:18).
 Your constitution was 13 (limit:16).
 Your intelligence was 18 (limit:20).
 Your wisdom was 11 (limit:20).
 Your charisma was 11 (limit:18).

Final Status:
 You were deaf.
 You were fainting due to starvation.
 You were unencumbered.
 You were wielding a quarterstaff.
 You had basic skill with quarterstaff.

Final Attributes:
 You were piously aligned.
 You were magic-protected.
 You were sleep resistant.
 You had automatic searching.
 You had infravision.
 You were warded.
 You were unlucky.
 You survived.

Miscellaneous:
 You didn't encounter any bones levels.
 Total elapsed playing time was 14 minutes and 11 seconds.

Major events:
 Turn
    1: A4Paper the chaotic female elven Wizard entered the dungeon
  606: attained the rank of Conjurer (level 3)
 2191: quit

Spells:
 Name                 Level Category     Fail Retention
 force bolt             1   attack         0%   81%-90%
 healing                1   healing        0%  76%-100%
 charm monster          5   enchantment   93%  91%-100%

Skills:
 Fighting Skills
   bare handed combat [Unskilled]
   riding             [Unskilled]
 Weapon Skills
   dagger             [Unskilled]
   knife              [Unskilled]
   axe                [Unskilled]
   short sword        [Unskilled]
   club               [Unskilled]
   mace               [Unskilled]
   quarterstaff       [Basic]
   polearms           [Unskilled]
   spear              [Unskilled]
   trident            [Unskilled]
   sling              [Unskilled]
   dart               [Unskilled]
   shuriken           [Unskilled]
 Spellcasting Skills
   attack spells      [Basic]
   healing spells     [Unskilled]
   divination spells  [Unskilled]
   enchantment spells [Basic]
   clerical spells    [Unskilled]
   escape spells      [Unskilled]
   matter spells      [Unskilled]

Voluntary challenges:
 Character rerolling was not enabled.
 You never genocided any monsters.
 You never polymorphed an object.
 You never changed form.
 You used no wishes.
Achievements:
 You attained the rank of Conjurer.
 You entered a shop.

 The Dungeons of Doom: levels 1 to 2
    Level 1:
    Level 2: <- You were here.
       A general store, an altar.


Vanquished creatures:
  a small mimic
  2 acid blobs
  a hobbit
  3 giant rats
  a brown mold
  a green mold
  a red mold
  7 garter snakes
  3 geckos
  3 jackals
  a fox
  3 goblins
  a sewer rat
  4 grid bugs
  2 bats
  5 lichens
  4 newts
43 creatures vanquished.

No species were genocided or became extinct.

Goodbye A4Paper the Wizard...

You quit in The Dungeons of Doom on dungeon level 2 with 1666 points,
and 1068 pieces of gold, after 2191 moves.
You were level 4 with a maximum of 26 hit points when you quit.

